[ AOE2 MATCH · #495339325 ]
UnrankedFranks vs Teutons
Player's team · WIN
Rival team · LOSS
[ REPLAY ANALYSIS · EXTRACTED FROM THE RECORDED GAME ]
Feudal
10:59
Castle
21:19
Imperial
—
| APM avg | 43.7 |
| APM peak | 78 |
| eAPM avg | 24.8 |
| Villagers / military | 62 / 47 |
Focus
⚔️ 14.0% · 🌾 86.0%
Knight ×33 · Militia ×8 · Battering Ram ×2 · Scout Cavalry ×2 · Mangonel ×1 · Spearman ×1
Feudal
9:18
Castle
21:10
Imperial
—
| APM avg | 34.7 |
| APM peak | 69 |
| eAPM avg | 19.9 |
| Villagers / military | 60 / 39 |
Focus
⚔️ 25.0% · 🌾 75.0%
Spearman ×25 · Archer ×6 · Knight ×5 · Scout Cavalry ×2 · Skirmisher ×1
Match map
Initial resources + every placement click. Lines = walls · curves = elevation contours. ◆ gold · ⬟ stone · ● berries · ✦ relic · ◌ wall gap
Your base· Open — 5t gap
Fuzboss's base· Open — 1t gap
Smoothed initial terrain · ◌ = detected wall gap · hover for details
Inputs per minute
— Falconbih - - Fuzboss
Build order — Falconbih
First 150 of 181 actions detected
| 0:02 | Build | House |
| 0:03 | Create | Villager (Male) |
| 0:05 | Build | House |
| 0:06 | Create | Villager (Male) |
| 0:22 | Create | Villager (Male) |
| 0:22 | Create | Villager (Male) |
| 1:33 | Create | Villager (Male) |
| 1:56 | Create | Villager (Male) |
| 2:23 | Create | Villager (Male) |
| 2:53 | Create | Villager (Male) |
| 2:53 | Create | Villager (Male) |
| 3:06 | Build | Mining Camp |
| 3:27 | Build | House |
| 3:36 | Create | Villager (Male) |
| 3:36 | Create | Villager (Male) |
| 4:20 | Create | Villager (Male) |
| 4:21 | Create | Villager (Male) |
| 4:48 | Create | Villager (Male) |
| 5:14 | Create | Villager (Male) |
| 5:18 | Build | House |
| 5:40 | Build | Barracks |
| 5:44 | Create | Villager (Male) |
| 6:10 | Create | Villager (Male) |
| 6:39 | Create | Villager (Male) |
| 6:44 | Research | Loom |
| 6:47 | Build | Palisade Wall |
| 6:50 | Build | Palisade Wall |
| 6:51 | Build | Palisade Wall |
| 6:56 | Create | Militia |
| 6:57 | Create | Militia |
| 7:17 | Create | Villager (Male) |
| 7:38 | Build | House |
| 7:43 | Build | House |
| 7:53 | Create | Militia |
| 7:57 | Create | Villager (Male) |
| 8:49 | Research | Feudal Age |
| 8:54 | Build | Lumber Camp |
| 9:05 | Create | Militia |
| 10:00 | Create | Villager (Male) |
| 10:28 | Build | House |
| 10:39 | Build | Mill |
| 10:59 | Age | Feudal Age |
| 11:00 | Research | Man-at-Arms (upgrade) |
| 11:05 | Build | Blacksmith |
| 11:18 | Create | Villager (Male) |
| 11:25 | Create | Villager (Male) |
| 11:31 | Create | Villager (Male) |
| 11:33 | Create | Militia |
| 11:52 | Create | Militia |
| 11:54 | Research | Forging |
| 11:58 | Build | Farm |
| 11:58 | Build | Farm |
| 11:58 | Build | Farm |
| 11:59 | Build | Farm |
| 11:59 | Build | Farm |
| 12:10 | Create | Spearman |
| 12:14 | Research | Scale Mail Armor |
| 12:25 | Build | Farm |
| 12:38 | Create | Villager (Male) |
| 12:47 | Build | Farm |
| 12:56 | Create | Villager (Male) |
| 12:58 | Build | House |
| 13:13 | Create | Villager (Male) |
| 13:32 | Build | Farm |
| 13:36 | Create | Villager (Male) |
| 13:39 | Build | House |
| 14:29 | Build | Stable |
| 14:31 | Build | Farm |
| 14:32 | Create | Villager (Male) |
| 14:32 | Create | Villager (Male) |
| 14:32 | Create | Villager (Male) |
| 14:39 | Build | Farm |
| 14:42 | Create | Militia |
| 15:04 | Build | Farm |
| 15:31 | Build | Farm |
| 15:34 | Build | Farm |
| 15:38 | Create | Villager (Male) |
| 15:42 | Research | Double-Bit Axe |
| 15:49 | Build | Farm |
| 15:51 | Create | Villager (Male) |
| 16:04 | Create | Militia |
| 16:22 | Build | Farm |
| 16:24 | Create | Villager (Male) |
| 16:31 | Build | Farm |
| 16:42 | Create | Scout Cavalry |
| 16:42 | Create | Scout Cavalry |
| 16:47 | Build | Farm |
| 16:49 | Create | Villager (Male) |
| 17:17 | Build | Farm |
| 17:36 | Build | Farm |
| 17:38 | Create | Villager (Male) |
| 17:43 | Build | House |
| 17:50 | Build | House |
| 18:06 | Build | Farm |
| 18:07 | Build | Farm |
| 18:07 | Build | Farm |
| 18:07 | Build | Farm |
| 18:12 | Build | Farm |
| 18:39 | Research | Castle Age |
| 18:44 | Build | Farm |
| 18:51 | Research | Gold Mining |
| 19:30 | Build | Stable |
| 19:34 | Research | Scale Barding Armor |
| 20:17 | Build | Stable |
| 20:46 | Create | Villager (Male) |
| 20:47 | Create | Villager (Male) |
| 21:03 | Build | Farm |
| 21:19 | Age | Castle Age |
| 21:20 | Research | Chain Barding Armor |
| 21:25 | Research | Husbandry |
| 21:26 | Create | Knight ×5 |
| 21:26 | Create | Knight ×5 |
| 21:36 | Build | Market |
| 21:37 | Create | Villager (Male) |
| 21:46 | Create | Knight |
| 21:53 | Build | Farm |
| 21:56 | Research | Bow Saw |
| 22:13 | Create | Villager (Male) |
| 22:36 | Research | Gold Shaft Mining |
| 22:44 | Create | Knight |
| 22:45 | Create | Knight |
| 22:45 | Create | Knight |
| 23:01 | Create | Villager (Male) |
| 23:06 | Create | Knight |
| 23:22 | Create | Knight |
| 23:28 | Create | Knight |
| 23:35 | Build | House |
| 23:36 | Build | House |
| 24:05 | Build | Town Center |
| 24:22 | Create | Villager (Male) |
| 24:23 | Create | Villager (Male) |
| 24:23 | Create | Villager (Male) |
| 24:24 | Create | Villager (Male) |
| 24:25 | Create | Villager (Male) |
| 24:27 | Research | Iron Casting |
| 24:53 | Create | Knight |
| 25:15 | Create | Villager (Male) |
| 25:15 | Create | Villager (Male) |
| 25:25 | Create | Villager (Male) |
| 25:25 | Create | Villager (Male) |
| 25:29 | Build | Siege Workshop |
| 25:37 | Build | Siege Workshop |
| 26:01 | Build | Farm |
| 26:03 | Create | Villager (Male) |
| 26:03 | Create | Villager (Male) |
| 26:08 | Create | Villager (Male) |
| 26:09 | Build | Farm |
| 26:13 | Create | Knight ×2 |
| 26:16 | Build | Farm |
| 26:34 | Build | Farm |
Build order — Fuzboss
First 150 of 195 actions detected
| 0:03 | Create | Villager (Male) |
| 0:03 | Create | Villager (Male) |
| 0:05 | Build | House |
| 0:07 | Build | House |
| 0:15 | Create | Villager (Male) |
| 0:15 | Create | Villager (Male) |
| 0:15 | Create | Villager (Male) |
| 1:30 | Create | Villager (Male) |
| 1:30 | Create | Villager (Male) |
| 1:46 | Build | Lumber Camp |
| 1:54 | Create | Villager (Male) |
| 1:54 | Create | Villager (Male) |
| 2:22 | Create | Villager (Male) |
| 2:53 | Create | Villager (Male) |
| 3:14 | Create | Villager (Male) |
| 3:14 | Create | Villager (Male) |
| 3:26 | Build | House |
| 3:39 | Create | Villager (Male) |
| 3:40 | Create | Villager (Male) |
| 3:53 | Build | Mill |
| 3:59 | Create | Villager (Male) |
| 4:12 | Create | Villager (Male) |
| 4:12 | Create | Villager (Male) |
| 4:32 | Create | Villager (Male) |
| 4:32 | Create | Villager (Male) |
| 4:56 | Build | House |
| 5:23 | Create | Villager (Male) |
| 5:23 | Create | Villager (Male) |
| 5:23 | Create | Villager (Male) |
| 5:23 | Create | Villager (Male) |
| 5:51 | Create | Villager (Male) |
| 6:00 | Create | Villager (Male) |
| 6:02 | Research | Loom |
| 7:03 | Research | Feudal Age |
| 7:22 | Build | Barracks |
| 7:24 | Build | House |
| 8:11 | Create | Villager (Male) |
| 8:11 | Create | Villager (Male) |
| 8:25 | Build | Palisade Gate |
| 8:35 | Build | House |
| 8:39 | Build | House |
| 9:06 | Create | Villager (Male) |
| 9:18 | Age | Feudal Age |
| 9:19 | Create | Spearman |
| 9:19 | Create | Spearman |
| 9:28 | Build | Stable |
| 9:50 | Research | Double-Bit Axe |
| 10:33 | Create | Villager (Male) |
| 10:33 | Create | Villager (Male) |
| 11:12 | Create | Scout Cavalry |
| 11:12 | Create | Scout Cavalry |
| 11:21 | Build | House |
| 11:46 | Build | Palisade Wall |
| 11:54 | Build | Palisade Wall |
| 12:18 | Build | Archery Range |
| 12:19 | Create | Villager (Male) |
| 12:19 | Create | Villager (Male) |
| 12:23 | Build | Farm |
| 12:24 | Build | Farm |
| 12:24 | Build | Farm |
| 12:24 | Build | Farm |
| 12:24 | Build | Farm |
| 12:25 | Build | Farm |
| 12:25 | Build | Farm |
| 12:25 | Build | Farm |
| 12:27 | Research | Horse Collar |
| 13:01 | Create | Archer |
| 13:15 | Build | Mining Camp |
| 13:20 | Build | Farm |
| 13:35 | Build | Palisade Wall |
| 13:38 | Build | Palisade Wall |
| 13:46 | Build | Farm |
| 14:11 | Build | Palisade Gate |
| 14:25 | Create | Villager (Male) |
| 14:25 | Create | Villager (Male) |
| 14:31 | Build | Farm |
| 14:33 | Create | Villager (Male) |
| 14:33 | Create | Villager (Male) |
| 14:42 | Build | Farm |
| 14:48 | Create | Villager (Male) |
| 14:59 | Create | Archer |
| 15:17 | Build | Palisade Wall |
| 15:25 | Build | House |
| 15:31 | Build | Palisade Wall |
| 15:38 | Create | Skirmisher |
| 15:41 | Create | Archer |
| 15:45 | Build | House |
| 15:49 | Build | Palisade Wall |
| 15:53 | Build | Palisade Wall |
| 16:04 | Build | Farm |
| 16:36 | Create | Archer |
| 16:37 | Create | Archer |
| 17:10 | Create | Villager (Male) |
| 17:10 | Create | Villager (Male) |
| 17:22 | Build | Market |
| 17:27 | Create | Archer |
| 17:39 | Build | Farm |
| 17:40 | Build | Farm |
| 17:57 | Build | Palisade Wall |
| 18:09 | Build | Palisade Wall |
| 18:30 | Research | Castle Age |
| 18:31 | Research | Castle Age |
| 18:59 | Research | Wheelbarrow |
| 19:27 | Build | Palisade Wall |
| 19:44 | Build | Mining Camp |
| 20:01 | Build | Blacksmith |
| 20:19 | Research | Town Watch |
| 20:38 | Research | Scale Barding Armor |
| 20:43 | Build | Stable |
| 21:02 | Create | Villager (Male) |
| 21:02 | Create | Villager (Male) |
| 21:10 | Age | Castle Age |
| 21:15 | Create | Knight |
| 21:15 | Create | Knight |
| 21:40 | Build | Town Center |
| 21:42 | Research | Heavy Plow |
| 22:21 | Create | Villager (Male) |
| 22:21 | Create | Villager (Male) |
| 22:59 | Build | Palisade Wall |
| 23:03 | Create | Villager (Male) |
| 23:04 | Create | Villager (Male) |
| 23:07 | Build | Farm |
| 23:07 | Build | Farm |
| 23:07 | Build | Farm |
| 23:07 | Build | Farm |
| 23:21 | Research | Bloodlines |
| 23:24 | Research | Forging |
| 23:33 | Build | Mill |
| 23:35 | Build | Farm |
| 23:35 | Build | Farm |
| 23:36 | Build | Farm |
| 23:46 | Build | Mill |
| 23:47 | Build | Farm |
| 23:48 | Build | Farm |
| 23:48 | Build | Farm |
| 23:48 | Build | Farm |
| 23:55 | Create | Villager (Male) |
| 23:55 | Create | Villager (Male) |
| 24:04 | Build | Lumber Camp |
| 24:08 | Research | Gold Mining |
| 24:16 | Create | Knight |
| 24:16 | Create | Knight |
| 24:24 | Create | Villager (Male) |
| 24:24 | Create | Villager (Male) |
| 24:29 | Research | Bow Saw |
| 24:57 | Research | Wheelbarrow |
| 24:58 | Create | Villager (Male) |
| 24:58 | Create | Villager (Male) |
| 25:11 | Create | Knight |
| 25:37 | Build | Barracks |
Match timeline
| 5:40 | Falconbih · first_building Barracks |
| 6:47 | Falconbih · wall_segment Palisade Wall x1 |
| 6:50 | Falconbih · wall_segment Palisade Wall x1 |
| 6:51 | Falconbih · wall_segment Palisade Wall x1 |
| 7:22 | Fuzboss · first_building Barracks |
| 9:18 | Fuzboss · age_up feudal |
| 9:28 | Fuzboss · first_building Stable |
| 10:59 | Falconbih · age_up feudal |
| 11:46 | Fuzboss · wall_segment Palisade Wall x2 |
| 11:54 | Fuzboss · wall_segment Palisade Wall x2 |
| 12:18 | Fuzboss · first_building Archery Range |
| 13:35 | Fuzboss · wall_segment Palisade Wall x1 |
| 13:38 | Fuzboss · wall_segment Palisade Wall x1 |
| 14:29 | Falconbih · first_building Stable |
| 15:17 | Fuzboss · wall_segment Palisade Wall x1 |
| 15:31 | Fuzboss · wall_segment Palisade Wall x1 |
| 15:49 | Fuzboss · wall_segment Palisade Wall x1 |
| 15:53 | Fuzboss · wall_segment Palisade Wall x2 |
| 17:57 | Fuzboss · wall_segment Palisade Wall x3 |
| 18:09 | Fuzboss · wall_segment Palisade Wall x1 |
| 18:30 | Fuzboss · first_market_sell 100 food |
| 19:27 | Fuzboss · wall_segment Palisade Wall x1 |
| 21:10 | Fuzboss · age_up castle |
| 21:19 | Falconbih · age_up castle |
| 22:42 | Falconbih · first_market_sell 100 wood |
| 22:59 | Fuzboss · wall_segment Palisade Wall x3 |
| 25:29 | Falconbih · first_building Siege Workshop |
| 28:12 | Fuzboss · first_building Monastery |
| 30:16 | Fuzboss · resign |
[ AI ANALYSIS · 1 CREDIT ]
What really happened in this match?
Wolo.gg analyzes every decision: build order, eco, micro, common mistakes by bracket. Personalized analysis on WhatsApp or Discord in 30 seconds.
Civ guide
Franks
Perfil
Falconbih